 Dungeon Crawl Stone Soup version 0.30.1-11-g7821555f0a (webtiles) character file.

Game seed: 4068370179448602784

11879 Amplified the Covert (level 11, -1/46 HPs)
             Began as a Spriggan Fighter on Oct 31, 2023.
             Was a Believer of Hepliaklqana.
             Engulfed by a cloud of freezing vapour (15 damage)
             ... in an ice cave.
             The game lasted 00:19:58 (10144 turns).

Amplified the Covert (Spriggan Fighter)            Turns: 10144, Time: 00:19:58

Health: -1/46      AC:  2    Str:  9 (12) XL:     11   Next: 55%
Magic:  28/28      EV: 24    Int:  6 (9)  God:    Hepliaklqana [**....]
Gold:   326        SH:  6    Dex: 17 (20) Spells: 10/10 levels left

rFire   + + .        j - +6 dagger of Fuypheri {elec, MP+9}
rCold   + . .        c - +0 buckler
rNeg    + . .        x - +0 robe {rC+ rF+}
rPois   .            (helmet restricted)
rElec   .            (no cloak)
rCorr   +            (gloves unavailable)
SInv    +            (boots unavailable)
Will    ++...        D - macabre finger necklace {Finger+ rN+}
Stlth   +++++        l - ring of willpower
HPRegen 0.27/turn    d - ring of resist corrosion
MPRegen 0.21/turn    t - ring of protection from fire

%: no passive effects
@: studying Invocations, very quick
A: reduced essence, very small, no large weapons, unfitting armour, see
invisible, speed 3, horns 1, deterioration 1, frail 1
a: Renounce Religion, Recall Ancestor, Ancestor Identity


You were in an ice cave.
You worshipped Hepliaklqana.
Hepliaklqana was pleased with you.
You visited 2 branches of the dungeon, and saw 12 of its levels.
You also visited: Sewer and Ice Cave.

You collected 637 gold pieces.
You spent 311 gold pieces at shops.

Inventory:

Hand Weapons
 a - a +0 rapier of protection
 h - a +0 dagger of draining
 j - the +6 dagger of Fuypheri (weapon) {elec, MP+9}
   (You found it on level 2 of the Dungeon)

   MP:        It affects your magic capacity (+9).
Armour
 b - a +0 robe
 c - a +0 buckler (worn)
 x - a +0 robe of resistance (worn)
 A - +1 acid dragon scales
Magical Staves
 n - a staff of air
Jewellery
 d - a ring of resist corrosion (right hand)
 i - an amulet of guardian spirit
 l - a ring of willpower (left hand)
 t - a ring of protection from fire (on amulet)
 u - a ring of protection from fire
 D - the macabre finger necklace (around neck) {Finger+ rN+}
   (You found it on level 10 of the Dungeon)

   [amulet of nothing]

   Finger+:   It enables you to equip an extra ring.
   rN:        It protects you from negative energy.
 E - a ring of positive energy
Wands
 y - a wand of roots (4)
Scrolls
 e - 9 scrolls of teleportation
 f - a scroll of vulnerability
 k - 2 scrolls of immolation
 r - 2 scrolls of torment
 v - 2 scrolls of enchant weapon
 B - 2 scrolls of fear
 F - a scroll of fog
Potions
 g - 3 potions of heal wounds
 m - 2 potions of magic
 o - 5 potions of flight
 p - a potion of brilliance
 q - a potion of attraction
 s - 3 potions of curing
 w - 2 potions of cancellation


   Skills:
 * Level 6.8 Fighting
 * Level 8.9 Short Blades
 * Level 10.9 Dodging
 * Level 11.7 Stealth
 * Level 6.3 Shields
 * Level 9.9 Invocations


You had 10 spell levels left.
You didn't know any spells.
Your spell library contained the following spells:

 Spells                   Type           Power      Damage    Failure   Level
 Freeze                   Ice            0%         1d3       56%         1
 Blink                    Tloc           0%         N/A       71%         2
 Cigotuvi's Dreadful Rot  Necr/Pois/Air  0%         N/A       71%         2
 Lesser Beckoning         Tloc           0%         N/A       71%         2
 Dazzling Flash           Conj/Hex       0%         N/A       91%         3
 Frozen Ramparts          Ice            0%         1d1       91%         3
 Gell's Gravitas          Tloc           0%         N/A       91%         3
 Hailstorm                Conj/Ice       0%         3d3       91%         3
 Ignite Poison            Fire/Tmut/Pois 0%         N/A       91%         3
 Ozocubu's Armour         Ice            0%         N/A       91%         3
 Teleport Other           Tloc           0%         N/A       91%         3
 Volatile Blastmotes      Fire/Tloc      0%         2d10      91%         3
 Animate Dead             Necr           0%         N/A       100%        4
 Iskenderun's Mystic Bla  Conj/Tloc      0%         2d3       100%        4
 Manifold Assault         Tloc           0%         N/A       100%        4
 Borgnjor's Vile Clutch   Necr/Erth      0%         N/A       100%        5
 Freezing Cloud           Conj/Ice/Air   0%         6-21      100%        5
 Metabolic Englaciation   Hex/Ice        0%         N/A       100%        5
 Death Channel            Necr           0%         N/A       100%        6
 Simulacrum               Ice/Necr       0%         N/A       100%        6
 Starburst                Conj/Fire      0%         6d3       100%        6
 Storm Form               Tmut/Air       0%         N/A       100%        7


Dungeon Overview and Level Annotations

Branches:
Dungeon (11/15)            Temple (1/1) D:5            Lair (0/5) D:11
    Orc (0/2) D:9           Sewer (visited)           IceCv (1/1)

Altars:
Ashenzari
Cheibriados
Dithmenos
Elyvilon
Fedhas
Gozag
Hepliaklqana
Kikubaaqudgha
Makhleb
Nemelex Xobeh
Okawaru
Qazlal
Ru
Sif Muna
Trog
Uskayaw
Vehumet
Wu Jian
Xom
Yredelemnul
Zin
The Shining One

Shops:
D:4 ?

Annotations:
D:10 2 transporters, kskgo's ghost, journeyman DsBe IceCv exclusion: ice statue


Innate Abilities, Weirdness & Mutations

Your life essence is reduced to manifest your ancestor. (-10% HP)
You are very small and have problems with some larger weapons.
You are too small for most types of armour.
You have supernaturally acute eyesight. (SInv)
You cover ground extremely quickly. (Speed+++)
You have a pair of small horns on your head.
Your body sometimes deteriorates upon taking damage.
You are frail. (-10% HP)


Message History

Hrodulf is still trapped in memory!
Really walk into that cloud of freezing vapour?
You are engulfed in freezing vapours.
You resist.
There is an ice choked empty arch of ancient stone here.
A death yak simulacrum is nearby!
Aiming: Fastroot
Press: ? - help, Shift-Dir - straight line, f - death yak simulacrum
Aim: a death yak simulacrum (heavily damaged, wandering, hasn't noticed you)
The roots erupt in riotous growth!
Roots grab the death yak simulacrum.
The grasping roots constrict the death yak simulacrum.
The death yak simulacrum struggles to escape constriction.
Unknown command.
The grasping roots constrict the death yak simulacrum.
The roots release their grip on the death yak simulacrum.
You puncture the death yak simulacrum!
Lightning courses through the death yak simulacrum!
The death yak simulacrum vaporises!
Really walk into that cloud of freezing vapour?
Okay, then.
You start resting.
HP restored.
Hrodulf emerges from the mists of memory!
There is an ice choked empty arch of ancient stone here.
The death yak simulacrum misses you.
You hit the death yak simulacrum but do no damage.
You headbutt the death yak simulacrum.
The death yak simulacrum is moderately damaged.
You puncture the death yak simulacrum!
The death yak simulacrum is heavily damaged.
The death yak simulacrum gores you!! The death yak simulacrum freezes you!
You resist.
* * * LOW HITPOINT WARNING * * *
Your body deteriorates!
You feel clumsy.
You are too injured to fight recklessly!
Unknown command.
You swap places.
You start resting.
You are engulfed in freezing vapours.
You resist.
You die...

##### #### #.#.##
#..####### ##.#.#
#.∩....#.###.#.###
##..∩.....###..###
#.##........###.#.
#..####.###..#.#..
#@§§# ### ##.....#
#R§§# ##...##
#§§### ###.###
##.#.## ##.#####
#.#...### #...###.
##..#.#.# ##.Y..Y.
#..##...###?.#....
##.###.#..#.####.#
#.## ##.#.#Y.#####


You could see the friendly Hrodulf the hexer.

Vanquished Creatures
  5 two-headed ogres
  A boulder beetle (D:11)
  2 cyclopes
  A gargoyle (D:10)
  An unseen horror (D:7)
  A troll (D:7)
  2 shadows (D:10)
  A vampire (D:11)
  9 yaks
  A wyvern (D:9)
  3 vampire mosquitoes (D:10)
  3 death yak simulacra (IceCv)
  3 acid dragons
  2 water moccasins
  An ice beast (D:6)
  4 orc warriors
  A sky beast (D:7)
  A hornet zombie (D:3)
  An ogre (D:6)
  4 centaurs
  A phantom (D:6)
  2 bullfrogs
  2 kobold brigands (Sewer)
  2 scorpions
  A wyvern skeleton (D:3)
  10 wights
  The ghost of fedepesso the Chopper, a weakling HOMo (D:3)
  An elephant simulacrum (IceCv)
  A jelly (D:7)
  4 orc priests
  A hound (D:5)
  3 iguanas
  Ijyb (D:3)
  Terence (D:2)
  2 sleepcaps
  14 orc wizards
  2 spriggan simulacra (IceCv)
  2 troll simulacra (IceCv)
  A killer bee zombie (D:3)
  5 adders
  2 naga simulacra (IceCv)
  7 river rats
  6 white imps (IceCv)
  3 ufetubi
  3 worms (D:4)
  A dart slug (D:4)
  38 orcs
  7 ball pythons
  6 endoplasms
  4 giant cockroaches
  7 goblins
  7 hobgoblins
  5 jackals
  A quokka (D:1)
  11 bats
  5 frilled lizards
  15 kobolds
  9 rats
241 creatures vanquished.

Vanquished Creatures (collateral kills)
  A vampire mosquito (D:10)
  A death yak simulacrum (IceCv)
  2 orc warriors
  A troll simulacrum (IceCv)
  2 ufetubi (IceCv)
  An orc (D:9)
8 creatures vanquished.

Vanquished Creatures (others)
  2 ancestors (D:9)
  3 hexers
  An orc wizard (D:6)
6 creatures vanquished.

Grand Total: 255 creatures vanquished

Notes
Turn   | Place    | Note
-------+----------+-------------------------------------------
     0 | D:1      | Amplified the Spriggan Fighter began the quest for the Orb.
     0 | D:1      | Reached XP level 1. HP: 11/11 MP: 2/2
   143 | D:1      | Reached XP level 2. HP: 16/16 MP: 3/3
   441 | D:1      | Reached XP level 3. HP: 19/19 MP: 4/4
   843 | D:2      | Noticed Terence
   922 | D:2      | Found an iron altar of Okawaru.
   986 | D:2      | Reached skill level 1 in Stealth
  1233 | D:2      | Killed Terence
  1234 | D:2      | Reached XP level 4. HP: 18/23 MP: 5/5
  1279 | D:2      | Reached skill level 2 in Stealth
  1307 | D:2      | Identified the +6 dagger of Fuypheri {elec, MP+9}
  1690 | D:3      | Reached skill level 5 in Dodging
  1690 | D:3      | Reached XP level 5. HP: 28/28 MP: 6/6
  1844 | D:3      | Found an iron altar of Okawaru.
  1850 | D:3      | Noticed Ijyb
  1853 | D:3      | Gained mutation: You are frail. (-10% HP) [potion of
                  | mutation]
  1853 | D:3      | Gained mutation: Your body sometimes deteriorates upon
                  | taking damage. [potion of mutation]
  1853 | D:3      | Gained mutation: You have a pair of small horns on your
                  | head. [potion of mutation]
  2076 | D:3      | Noticed fedepesso's ghost (weakling HOMo)
  2078 | D:3      | Found a transporter.
  2113 | D:3      | Killed Ijyb
  2153 | D:3      | Found a glowing golden altar of the Shining One.
  2261 | D:3      | Found a transporter.
  2414 | D:4      | Noticed an orc warrior
  2429 | D:4      | Reached skill level 3 in Stealth
  2528 | D:4      | Found Viakhi Hipi's Magic Scroll Shop.
  2543 | D:4      | Bought a scroll of magic mapping for 97 gold pieces
  2544 | D:4      | Bought a scroll of teleportation for 39 gold pieces
  2639 | D:4      | Found a blossoming altar of Fedhas.
  2725 | D:4      | Reached XP level 6. HP: 21/28 MP: 7/7
  2745 | D:4      | Found a glowing drain.
  2768 | Sewer    | Entered a sewer
  2838 | Sewer    | Reached skill level 4 in Stealth
  2902 | Sewer    | Found a white marble altar of Elyvilon.
  3303 | D:5      | Entered Level 5 of the Dungeon
  3453 | D:5      | Reached XP level 7. HP: 32/32 MP: 8/8
  3690 | D:5      | Reached skill level 1 in Invocations
  3706 | D:5      | Found a staircase to the Ecumenical Temple.
  3743 | Temple   | Entered the Ecumenical Temple
  3825 | Temple   | Became a worshipper of Hepliaklqana the Forgotten
  4106 | D:5      | Reached skill level 5 in Stealth
  4507 | D:7      | Reached XP level 8. HP: 33/37 MP: 11/11
  4515 | D:7      | Reached skill level 5 in Short Blades
  4535 | D:7      | Noticed an unseen horror
  4652 | D:7      | Noticed a cyclops
  4747 | D:6      | Reached skill level 6 in Stealth
  5422 | D:7      | Killed an unseen horror
  5423 | D:7      | Reached skill level 7 in Stealth
  5423 | D:7      | Reached skill level 5 in Invocations
  5445 | D:7      | Reached XP level 9. HP: 33/41 MP: 10/13
  5542 | D:7      | Noticed a troll
  5554 | D:7      | Killed a troll
  5704 | D:7      | Killed a cyclops
  5705 | D:7      | Reached skill level 5 in Fighting
  5705 | D:7      | Reached skill level 8 in Stealth
  5743 | D:7      | Reached * piety under Hepliaklqana
  5772 | D:7      | Identified the staff of poison "Lienio" {rPois SInv}
  6025 | D:8      | Noticed a two-headed ogre
  6065 | D:9      | Found a staircase to the Orcish Mines.
  6121 | D:8      | Identified the +0 robe of the Elephant {Int+4}
  6760 | D:3      | Reached skill level 9 in Stealth
  6760 | D:3      | Reached skill level 5 in Shields
  6761 | D:3      | Killed fedepesso's ghost
  7046 | D:4      | Bought a scroll of enchant weapon for 97 gold pieces
  7046 | D:4      | Bought a scroll of identify for 26 gold pieces
  7046 | D:4      | Bought a scroll of identify for 26 gold pieces
  7046 | D:4      | Bought a scroll of identify for 26 gold pieces
  7351 | D:8      | Found an opulent altar of Gozag.
  7351 | D:8      | Found a shadowy altar of Dithmenos.
  7406 | D:8      | Reached XP level 10. HP: 40/40 MP: 16/16
  7503 | D:8      | Killed a two-headed ogre
  7941 | D:9      | Noticed a cyclops
  7948 | D:9      | Killed a cyclops
  7949 | D:9      | Reached skill level 10 in Stealth
  8083 | D:9      | Reached ** piety under Hepliaklqana
  8084 | D:9      | Remembered your ancestor Hrodulf as a hexer
  8177 | D:9      | Noticed a two-headed ogre
  8180 | D:9      | Killed a two-headed ogre
  8181 | D:9      | Reached skill level 10 in Dodging
  8308 | D:9      | Found an ornate altar of the Wu Jian Council.
  8351 | D:9      | Noticed a two-headed ogre
  8364 | D:9      | Killed a two-headed ogre
  8428 | D:10     | Entered Level 10 of the Dungeon
  8500 | D:10     | Reached XP level 11. HP: 17/45 MP: 12/18
  8746 | D:10     | Found a sacrificial altar of Ru.
  8775 | D:10     | Noticed a two-headed ogre
  8823 | D:10     | Reached skill level 11 in Stealth
  8865 | D:10     | Found a transporter.
  8869 | D:10     | Noticed a two-headed ogre
  8877 | D:10     | Found the macabre finger necklace {Finger+ rN+}
  8878 | D:10     | Noticed a five-headed hydra
  8879 | D:10     | Noticed a two-headed ogre
  8893 | D:10     | Noticed a two-headed ogre
  9007 | D:10     | Noticed kskgo's ghost (journeyman DsBe)
  9033 | D:10     | Found a transporter.
  9155 | D:10     | Killed a two-headed ogre
  9267 | D:10     | Found a burning altar of Makhleb.
  9267 | D:10     | Found a broken altar of Ashenzari.
  9456 | D:11     | Noticed a boulder beetle
  9461 | D:11     | Killed a boulder beetle
  9582 | D:11     | Noticed a brown ugly thing
  9588 | D:11     | Found a frozen archway.
  9591 | D:11     | Noticed a two-headed ogre
  9595 | D:11     | Killed a two-headed ogre
  9617 | D:11     | Noticed a white ugly thing
  9634 | IceCv    | Entered an ice cave
 10144 | IceCv    | Engulfed by a cloud of freezing vapour

Illustrated notes

Levels and vault maps discovered:
D:1:      denvon_arrival_planthouse, layout_loops_cross, amethyst_killhole
D:2:      layout_basic, basic_altar, uniq_terence
D:3:      layout_loops_cross, tso_oasis_becter, mainiacjoe_overflow_boulevard,
          gammafunk_ghost_mausoleum, uniq_ijyb
D:4:      layout_loops_ring, mainiacjoe_overflow_surrounded_room,
          lightli_sewer_entry_pipes, serial_shops, nicolae_square_shop
D:5:      layout_loops_ring, minmay_temple_entry_stoned_glass,
          hangedman_abyss_or_decor_passed
D:6:      layout_rooms, lemuel_flamethrower_2
D:7:      minmay_blocky_corners, layout_loops_ring
D:8:      layout_cave_pools, gammafunk_temple_overflow_wave
D:9:      layout_roguey, pdpol_wu_jian_five_deadly_venoms, orc_0_dummy
D:10:     layout_loops_ring, nicolae_overflow_two_pavilions,
          mainiacjoe_overflow_six_doors_small, nzn_ghost_randoct
D:11:     layout_small_grid, erik_lair_orcish_takeover,
          ploomutoo_gammafunk_ghost_potion_laboratory,
          portal_ice_cave_entry_pillars_2, lightli_church_of_beogh
Temple:   nicolae_temple_bog_church
IceCv:    ice_cave_caverns_02

Skill      XL: |  1  2  3  4  5  6  7  8  9 10 11 |
---------------+----------------------------------+-----
Stealth        | 1 2 3 4 5 7 9 10 11 | 11.7
Short Blades   | 3 4 5 7 8 |  8.9
Fighting       | 3 4 5 6 |  6.8
Dodging        | 5 6 7 9 10 | 10.9
Shields        | 3 4 5 6 |  6.3
Invocations    | 3 5 7 8 9 |  9.9

Action                     |  1- 3 |  4- 6 |  7- 9 | 10-12 || total
---------------------------+-------+-------+-------+-------++-------
  Melee: Rapier            |    63 |       |       |       ||    63
         Dagger            |    71 |   141 |   269 |   198 ||   679
         Headbutt          |       |     5 |    63 |    43 ||   111
 Invoke: Recall Ancestor   |       |       |     2 |     6 ||     8
         Ancestor Life: He |       |       |       |     1 ||     1
  Evoke: Wand              |       |    11 |     8 |    17 ||    36
    Use: Potion            |     2 |     3 |     5 |     2 ||    12
         Scroll            |       |     8 |    10 |     4 ||    22
   Stab: Sleeping          |     5 |     8 |     4 |     6 ||    23
         Distracted        |       |     1 |     3 |     3 ||     7
         Confused          |       |       |       |     1 ||     1
 Armour: Robe              |    11 |     5 |     4 |     1 ||    21
         Acid dragon scale |       |       |       |     5 ||     5
  Dodge: Dodged            |    96 |    74 |   131 |    99 ||   400
  Block: Buckler           |    23 |    24 |    51 |    27 ||   125
